AoeStats
← MarcaTenebrosa

Arabia

507222925Analyzed
1v1 RM · 15d ago on Sep 17, 2026· 22m 2s· 2 players
Game mode
Random Map
Map size
Tiny (2 player)
Population
200
Speed
Normal
Resources
Standard
Victory
Conquest
Starting age
Dark Age
Ending age
Imperial Age
RankedLock teamsTeams togetherTeam positionsShared explorationLock speedFull tech treeHidden civsTurbo modeCheats
Victory
Defeat
🇩🇪 Ethiopians · Germany
1000
+14
🇦🇷 Portuguese · Argentina
967
-35
MarcaTenebrosa
11:26 Feudal Age
16:32 Castle Age
16:04 Double-Bit Axe
16:05 Horse Collar
18:08 Loom
18:53 Fletching
aYce Slide4285
10:39 Feudal Age
9:31 Loom
12:03 Double-Bit Axe
16:17 Fletching
20:38 Castle Age
19:33 Gold Mining
21:20 Bodkin Arrow
20:47 Crossbowman
Connection lost

Rejoining the realm…

Still unreachable

The connection could not be restored.

Session expired

The server has moved on; the page needs a fresh start.